 Dungeon Crawl Stone Soup version 0.29-a0-284-gf9362112df (webtiles) character file.

Game seed: 13218170005950163914

1695 sizableburger the Chopper (level 8, 0/48 HPs)
             Began as a Deep Elf Fighter on Mar 31, 2022.
             Was a Follower of Ru.
             Slain by Prince Ribbit (11 damage)
             ... on level 7 of the Dungeon.
             The game lasted 00:14:39 (9500 turns).

sizableburger the Chopper (Deep Elf Fighter)        Turns: 9500, Time: 00:14:39

Health: 0/48       AC:  9    Str: 15    XL:     8   Next: 72%
Magic:  10/10      EV:  7    Int: 14    God:    Ru [*.....]
Gold:   347        SH:  5    Dex: 20    Spells: 7/7 levels left

rFire   . . .      SeeInvis .   a - +1 war axe
rCold   . . .      Faith    .   c - +0 buckler
rNeg    . . .      Spirit   .   s - +0 chain mail
rPois   .          Reflect  .   (no helmet)
rElec   .          Harm     .   B - +0 cloak
rCorr   .          Rampage  .   (no gloves)
Will    .....                   (no boots)
Stlth   ..........              (no amulet)
HPRegen 0.16/turn               q - +6 ring of dexterity
MPRegen 0.12/turn               (no ring)

@: hasted, very quick
A: no conjurations magic, no poison magic, no transmutations magic
a: Renounce Religion


You were on level 7 of the Dungeon.
You worshipped Ru.
Ru was aware of your devotion.
You visited 1 branch of the dungeon, and saw 7 of its levels.

You collected 347 gold pieces.

Inventory:

Hand Weapons
 a - a +1 war axe (weapon)
Missiles
 f - 7 boomerangs
 g - 3 silver javelins
 j - a throwing net
 p - 4 poisoned darts (quivered)
 u - 3 javelins
Armour
 c - a +0 buckler (worn)
 s - a +0 chain mail (worn)
 v - a +0 plate armour
 B - a +0 cloak (worn)
Jewellery
 q - a +6 ring of dexterity (left hand)
Wands
 t - a wand of polymorph (8)
 y - a wand of acid (8)
Scrolls
 l - a scroll of fog
Potions
 d - a potion of resistance
 h - a potion of flight
 k - 2 potions of curing
 n - a potion of lignification {unknown}
 o - a potion of ambrosia {unknown}
 w - a potion of magic {unknown}
 A - 2 potions of attraction {unknown}


   Skills:
 - Level 4.1 Fighting
 + Level 7.9 Axes
 - Level 3.8 Throwing
 - Level 2.4 Armour
 - Level 2.6 Dodging
 - Level 2.4 Shields


You had 7 spell levels left.
You didn't know any spells.
Your spell library contained the following spells:

 Spells                   Type           Power      Damage    Failure   Level
 Summon Guardian Golem    Hex/Summ       0%         N/A       100%        3
 Conjure Flame            Conj/Fire      Unusable   6-21      N/A         3
 Ignite Poison            Fire/Tmut/Pois Unusable   N/A       N/A         3
 Mephitic Cloud           Conj/Pois/Air  Unusable   N/A       N/A         3
 Sticky Flame             Conj/Fire      Unusable   2d3       N/A         4
 Freezing Cloud           Conj/Ice/Air   Unusable   6-21      N/A         5
 Orb of Destruction       Conj           Unusable   9d5       N/A         7
 Spellforged Servitor     Conj/Summ      Unusable   N/A       N/A         7

Dungeon Overview and Level Annotations

Branches:
Dungeon (7/15)             Temple (0/1) D:5

Altars:
Kikubaaqudgha
Ru
Uskayaw
Zin

Annotations:
D:4 3 runed translucent doors, Splishie's ghost, amateur GnWn
D:7 Prince Ribbit


Innate Abilities, Weirdness & Mutations

You cannot study or cast Conjurations magic.
You cannot study or cast Poison magic.
You cannot study or cast Transmutations magic.


Message History

Throw: 7 darts (poison)
Press: ? - help, Q - select action, (/) - cycle Shift-Dir - straight line, f/p - Prince Ribbit
Aim: Prince Ribbit (moderately wounded, 46% to hit)
You throw a poisoned dart.
The poisoned dart closely misses Prince Ribbit.
Prince Ribbit blinks!
Throw: 6 darts (poison)
Press: ? - help, Q - select action, (/) - cycle Shift-Dir - straight line, f/p - Prince Ribbit
Aim: Prince Ribbit (moderately wounded, 46% to hit)
You throw a poisoned dart.
The poisoned dart barely misses Prince Ribbit.
Unknown command.
You miss Prince Ribbit.
Prince Ribbit is moderately wounded.
Prince Ribbit hits you but does no damage.
Prince Ribbit blinks!
Throw: 5 darts (poison)
Press: ? - help, Q - select action, (/) - cycle Shift-Dir - straight line, f/p - Prince Ribbit
Aim: Prince Ribbit (moderately wounded, 46% to hit)
You throw a poisoned dart. The poisoned dart hits Prince Ribbit.
Prince Ribbit is moderately wounded.
Unknown command.
You slash Prince Ribbit!
Prince Ribbit is severely wounded.
Prince Ribbit hits you!
* * * LOW HITPOINT WARNING * * *
You feel much better. Prince Ribbit hits you! x2
* * * LOW HITPOINT WARNING * * *
You feel yourself speed up. You block Prince Ribbit's attack.
You feel better.
Prince Ribbit catches a moth with his tongue.
Prince Ribbit hits you.
* * * LOW HITPOINT WARNING * * *
Aiming: Corrosive Bolt
Press: ? - help, Shift-Dir - straight line, f/p - Prince Ribbit
Aim: Prince Ribbit (severely wounded, 50% to hit)
The bolt of acid hits Prince Ribbit!
Prince Ribbit is almost dead.
Prince Ribbit hits you!
You die...

#...⌠..##.####.>#
#
#...............#
#......##....#.##
#.##.#.#####.#.#
# #.##...# #.#.#
#
#.####.#####.#.#
.$..
#..(............
.
#####..#####.###
#...@F(#.#
#.####.# #.#
#(...# #.#
#.....# ...
..F..(..# ###
#(....### .#...##
. #.## . (.


You could see Prince Ribbit.

Vanquished Creatures
  A steam dragon (D:7)
  3 black bears
  2 lemures
  3 necrophages
  A bullfrog (D:6)
  4 scorpions
  4 hounds
  3 jellies
  Crazy Yiuf (D:6)
  3 orc priests (D:5)
  3 iguanas
  6 orc wizards
  3 gnolls (D:5)
  7 adders
  A white imp (D:7)
  3 ufetubi
  3 worms
  17 orcs
  12 ball pythons
  10 endoplasms
  A giant cockroach (D:2)
  4 goblins
  5 hobgoblins
  6 jackals
  6 quokkas
  10 bats
  5 frilled lizards
  4 kobolds
  6 rats
137 creatures vanquished.

Vanquished Creatures (others)
  An ice beast (D:7)
  An ufetubus (D:7)
2 creatures vanquished.

Grand Total: 139 creatures vanquished

Notes
Turn   | Place    | Note
-------+----------+-------------------------------------------
     0 | D:1      | sizableburger the Deep Elf Fighter began the quest for the
                  | Orb.
     0 | D:1      | Reached XP level 1. HP: 13/13 MP: 3/3
   210 | D:1      | Reached XP level 2. HP: 12/18 MP: 4/4
   358 | D:1      | Reached skill level 2 in Axes
  1251 | D:2      | Reached XP level 3. HP: 2/23 MP: 5/5
  2273 | D:2      | Reached skill level 1 in Dodging
  2768 | D:3      | Reached XP level 4. HP: 28/28 MP: 6/6
  2961 | D:3      | Reached skill level 3 in Axes
  3518 | D:3      | Reached XP level 5. HP: 32/32 MP: 7/7
  3980 | D:4      | Found a sacrificial altar of Ru.
  3993 | D:4      | Became a worshipper of Ru the Awakened
  4206 | D:4      | Reached XP level 6. HP: 35/38 MP: 8/8
  4272 | D:4      | Found a runed translucent gate.
  4272 | D:4      | Found a runed translucent gate.
  4274 | D:4      | Found a runed translucent gate.
  4277 | D:4      | Noticed Splishie's ghost (amateur GnWn)
  4648 | D:5      | Entered Level 5 of the Dungeon
  4790 | D:4      | Reached skill level 4 in Axes
  4986 | D:5      | Found a staircase to the Ecumenical Temple.
  5168 | D:5      | Reached skill level 1 in Throwing
  5245 | D:5      | Found a hide-covered altar of Uskayaw.
  5290 | D:5      | Noticed an orc warrior
  5296 | D:5      | an orc warrior changed into a jackal
  5517 | D:5      | Reached XP level 7. HP: 30/43 MP: 9/9
  6080 | D:5      | Reached skill level 5 in Axes
  6494 | D:5      | Found an ancient bone altar of Kikubaaqudgha.
  6885 | D:5      | Gained mutation: You cannot study or cast Poison magic. [Ru
                  | sacrifice]
  6885 | D:5      | Gained mutation: You cannot study or cast Transmutations
                  | magic. [Ru sacrifice]
  6885 | D:5      | Gained mutation: You cannot study or cast Conjurations
                  | magic. [Ru sacrifice]
  6885 | D:5      | Reached * piety under Ru
  7836 | D:6      | Reached XP level 8. HP: 48/48 MP: 10/10
  7839 | D:6      | Reached skill level 6 in Axes
  8064 | D:6      | Found a runed translucent door.
  8065 | D:6      | Noticed Crazy Yiuf
  8390 | D:6      | Found a glowing silver altar of Zin.
  8458 | D:6      | Reached skill level 7 in Axes
  8762 | D:6      | Killed Crazy Yiuf
  9461 | D:7      | Noticed Prince Ribbit
  9500 | D:7      | Slain by Prince Ribbit

Illustrated notes

Levels and vault maps discovered:
D:1:      minmay_arrival_stone_box, layout_basic, minmay_misc_feat_rugged
D:2:      layout_basic
D:3:      layout_loops_ring, st_stairs_5, minmay_surrounded
D:4:      layout_loops_ring, kennysheep_little_box, ebering_ghost_rock_garden
D:5:      layout_layer_cave, lemuel_tele_altar, lemuel_round_altar,
          minmay_temple_entry_antechambers, chequers_serial_rivers_large_b,
          serial_park_tiny_1, dreamdust_mushroom_princess
D:6:      layout_cave_pools, general_overflow_altar, uniq_crazy_yiuf_cottage
D:7:      layout_loops_ring, serial_shops, nicolae_diamond_shop,
          solitary_fountain, uniq_pikel, uniq_prince_ribbit1

Skill      XL: |  1  2  3  4  5  6  7  8 |
---------------+-------------------------+-----
Axes           | 2 3 4 5 7 |  7.9
Fighting       | 3 4 |  4.1
Dodging        | 1 2 |  2.6
Throwing       | 2 3 |  3.8
Armour         | |  2.4
Shields        | |  2.4

Action                   |  1- 3 |  4- 6 |  7- 9 || total
-------------------------+-------+-------+-------++-------
Melee: War axe           |   134 |   190 |   182 ||   506
Throw: Javelin           |     2 |     1 |     5 ||     8
       Boomerang         |       |     1 |    22 ||    23
       Dart              |       |       |    27 ||    27
Invok: Sacrifice Arcana  |       |       |     1 ||     1
Evoke: Wand              |       |     1 |     1 ||     2
  Use: Potion            |       |     1 |     5 ||     6
       Scroll            |       |     8 |     6 ||    14
Armor: Scale mail        |    77 |    16 |       ||    93
       Chain mail        |       |   107 |    89 ||   196
Dodge: Dodged            |    53 |    72 |    49 ||   174
Block: Buckler           |    34 |    55 |    44 ||   133

Table legend: (Time is in decaauts)
 A = Elapsed time spent in this place.
 B = Non-inter-level travel time spent in this place.
 C = Inter-level travel time spent in this place.
 D = Time resting spent in this place.
 E = Time spent auto-exploring this place.
 F = Levels seen in this place.
 G = Mean time per level.
                   A        B        C        D        E       F      G
               +--------+--------+--------+--------+--------+-----+--------+
         Total |   9738 |   9352 |    386 |   3186 |   4623 |   7 | 1391.1 |
       Dungeon |   9738 |   9352 |    386 |   3186 |   4623 |   7 | 1391.1 |
               +--------+--------+--------+--------+--------+-----+--------+

Top non-repeatable levels by time:
     D:5: 2625 daAuts
     D:4: 1598 daAuts
     D:6: 1472 daAuts
     D:2: 1469 daAuts
     D:1: 1209 daAuts
     D:3: 1029 daAuts
     D:7: 334 daAuts
